 Dungeon Crawl Stone Soup version 0.25-a0-589-g1e14c549ee (webtiles) character file.

Game seed: 10296491740080843662, levelgen mode: deterministic

906 Gargoyl the Skirmisher (level 7, -4/60 HPs)
             Began as a Centaur Abyssal Knight on Mar 9, 2020.
             Was a Priest of Lugonu.
             Slain by a scorpion (8 damage)
             ... on level 5 of the Dungeon.
             The game lasted 00:09:02 (5895 turns).

Gargoyl the Skirmisher (Centaur Abyssal Knight)     Turns: 5895, Time: 00:09:02

Health: -4/60      AC:  8    Str: 15    XL:     7   Next: 81%
Magic:  9/9        EV:  8    Int: 11    God:    Lugonu [***...]
Gold:   275        SH:  3    Dex: 10    Spells: 6/6 levels left

rFire    . . .     SeeInvis +   s - +0 broad axe
rCold    + . .     Gourm    .   h - +0 buckler
rNeg     . . .     Faith    .   p - +0 ring mail {rC+}
rPois    .         Spirit   .   e - +1 helmet
rElec    .         Reflect  .   (no cloak)
rCorr    .         Harm     .   (no gloves)
MR       .....                  (no barding)
Stlth    ..........             (no amulet)
HPRegen  0.20/turn              k - ring of see invisible
MPRegen  0.11/turn              (no ring)

@: berserk cooldown, slowed
A: large, hooves 3, deformed body, speed 2, tough skin 3
a: Depart the Abyss, Bend Space, Banish, Renounce Religion


You were on level 5 of the Dungeon.
You worshipped Lugonu.
Lugonu was most pleased with you.
You were not hungry.

You visited 1 branch of the dungeon, and saw 6 of its levels.
You visited the Abyss 1 time.

You collected 275 gold pieces.

Inventory:

Hand Weapons
 a - a +1 hand axe
 s - a +0 broad axe (weapon)
Armour
 e - a +1 helmet (worn)
 h - a +0 buckler (worn)
 p - a +0 ring mail of cold resistance (worn)
Jewellery
 k - a ring of see invisible (left hand)
 r - a cursed -3 ring of strength {unknown}
Wands
 t - a wand of polymorph (6)
Scrolls
 b - 2 scrolls of random uselessness {unknown}
 d - a scroll of enchant armour
 f - 4 scrolls of teleportation
 j - 4 scrolls of identify
 m - 3 scrolls of remove curse
 o - 2 scrolls of immolation {unknown}
 q - a scroll of enchant weapon {unknown}
Potions
 i - a potion of degeneration
 n - a potion of haste {unknown}
Comestibles
 c - 9 rations


   Skills:
 + Level 4.3 Fighting
 + Level 4.2 Axes
 * Level 3.9 Armour
 * Level 2.9 Dodging
 + Level 0.2 Shields
 * Level 3.8 Invocations


You had 6 spell levels left.
You didn't know any spells.
Your spell library was empty.

Dungeon Overview and Level Annotations

Branches:
Dungeon (6/15)             Temple (0/1) D:5

Altars:
Wu Jian
Yredelemnul
The Shining One


Innate Abilities, Weirdness & Mutations

You have hooves in place of feet.
Armour fits poorly on your strangely shaped body.
You cover ground very quickly.
You have extremely tough skin. (AC +3)


Message History

You feel sick.
* * * LOW HITPOINT WARNING * * *
You feel sick.
You feel better. The scorpion closely misses you. The scorpion stings you.
* * * LOW HITPOINT WARNING * * *
You feel better.
The scorpion stings you but does no damage.
Okay, then.
Okay, then.
Unknown command.
You eat one of the 10 rations.
That ration really hit the spot!
The scorpion stings you.
* * * LOW HITPOINT WARNING * * *
The scorpion stings you!
* * * LOW HITPOINT WARNING * * *
Press: ? - help, Shift-Dir - straight line, f - scorpion
Aim: a scorpion (moderately wounded, chance to defeat MR: 82%)
You fail to use your ability.
The scorpion stings you!
You die...

#.#####......##.####)#
#.# ####...##)# #.# #.#
#...##># #.# ###.###
#......# #.# #.....#
##.p###.# #.# #.....##
#...# #.# #.# #......#
#.#.# #.# #.#
#......####.#s###.####.#
#...........@..........#
###.....###.#####.######
####.## #.# #.# #.# #.#
#.# #.# #.# #.# #.# #.#
#.# #.# #.# #[# #.# #.#
#.# #.# #.#


You could see a scorpion and a neutral freed slave (wandering).

Vanquished Creatures
  Pikel (D:5)
  A slave (D:6)
  A centaur (D:6)
  An orc priest (D:5)
  An orc wizard (D:6)
  Jessica (D:2)
  2 worker ants (D:4)
  3 gnolls (D:3)
  6 adders
  An ufetubus (Abyss:1)
  An adder skeleton (D:4)
  4 worms
  5 dart slugs
  5 leopard geckos
  18 orcs
  A ball python (D:3)
  11 bats
  9 giant cockroaches
  6 goblins
  10 hobgoblins
  11 jackals
  4 quokkas
  A frilled lizard (D:3)
  4 kobolds
  13 rats
121 creatures vanquished.

Notes
Turn   | Place    | Note
-------+----------+-------------------------------------------
     0 | Abyss:1  | Gargoyl the Centaur Abyssal Knight began the quest for the
                  | Orb.
     0 | Abyss:1  | Reached XP level 1. HP: 19/19 MP: 2/2
    86 | Abyss:1  | Noticed a small abomination
   111 | Abyss:1  | Noticed a large abomination
   123 | Abyss:1  | Noticed a large abomination
   176 | Abyss:2  | Noticed a spatial vortex
   176 | Abyss:2  | Noticed a spatial vortex
   176 | Abyss:2  | Noticed a spatial vortex
   179 | Abyss:2  | Noticed a spatial maelstrom
   179 | Abyss:2  | Noticed a spatial vortex
   179 | Abyss:2  | Noticed a spatial vortex
   181 | Abyss:2  | Noticed a spatial vortex
   181 | D:1      | Escaped the Abyss
   198 | D:1      | Reached XP level 2. HP: 20/26 MP: 3/3
   636 | D:1      | Reached * piety under Lugonu
   703 | D:1      | Reached XP level 3. HP: 29/31 MP: 4/4
   865 | D:1      | Reached skill level 1 in Dodging
  1225 | D:1      | You fall into a shaft and drop 1 floor!
  1591 | D:2      | Reached XP level 4. HP: 34/40 MP: 5/5
  1929 | D:2      | Noticed Jessica
  1942 | D:2      | Killed Jessica
  2168 | D:3      | Reached ** piety under Lugonu
  2369 | D:3      | Reached XP level 5. HP: 42/46 MP: 7/7
  4530 | D:4      | Reached XP level 6. HP: 51/52 MP: 8/8
  4773 | D:4      | Found a glowing golden altar of the Shining One.
  4879 | D:5      | Entered Level 5 of the Dungeon
  4879 | D:5      | Found a staircase to the Ecumenical Temple.
  5210 | D:5      | Found an ornate altar of the Wu Jian Council.
  5238 | D:5      | Noticed Pikel
  5238 | D:5      | Noticed a slave
  5238 | D:5      | Noticed a slave
  5238 | D:5      | Noticed a slave
  5239 | D:5      | Noticed a slave
  5509 | D:6      | Found a basalt altar of Yredelemnul.
  5572 | D:6      | Reached *** piety under Lugonu
  5728 | D:6      | Killed a slave
  5866 | D:5      | Killed Pikel
  5866 | D:5      | Reached XP level 7. HP: 35/60 MP: 9/9
  5885 | D:5      | HP: 2/60 [poisoned by a scorpion]
  5894 | D:5      | HP: 3/60 [scorpion (7)]
  5895 | D:5      | Slain by a scorpion

Levels and vault maps discovered:
D:1:      roderic_dead_forest, layout_loops_ring
D:2:      layout_basic, uniq_jessica
D:3:      minmay_door_path, layout_basic, first_ration, minmay_unequal
D:4:      layout_loops_ring, tso_metal_star
D:5:      layout_loops_ring, kennysheep_mini, minmay_temple_entry_crystal_x,
          minmay_misc_feat_chi, uniq_pikel
D:6:      layout_loops_corners, lemuel_crystal_altar, kennysheep_big_empty_room,
          uniq_blork_the_orc, uniq_menkaure, uniq_grinder, uniq_prince_ribbit1

Skill      XL: |  1  2  3  4  5  6 |
---------------+-------------------+-----
Axes           | 2 3 4 |  4.2
Dodging        | 1 2 |  2.9
Armour         | 2 3 |  3.9
Fighting       | 4 |  4.3
Invocations    | 3 |  3.8
Shields        | |  0.2

Action                   |  1- 3 |  4- 6 |  7- 9 || total
-------------------------+-------+-------+-------++-------
Melee: Hand axe          |   127 |   302 |       ||   429
       Kick              |    20 |    51 |     1 ||    72
       Broad axe         |       |    26 |     4 ||    30
Invok: Depart the Abyss  |     1 |       |       ||     1
       Bend Space        |       |     1 |       ||     1
  Use: Scroll            |     3 |     4 |       ||     7
       Potion            |     1 |     3 |     2 ||     6
  Eat: Chunk             |     1 |     7 |       ||     8
       Ration            |       |     1 |     1 ||     2
Armor: Leather armour    |    30 |       |       ||    30
       Robe              |    50 |    61 |       ||   111
       Ring mail         |       |    69 |     4 ||    73
Dodge: Dodged            |    89 |   144 |     3 ||   236
Block: Buckler           |       |    38 |     1 ||    39

Table legend:
 A = Non-vault XP
 B = Vault XP
 C = Vault XP percentage of total XP
 D = Non-vault monster count
 E = Vault monster count
 F = Vault count percentage of total count
                 A         B        C        D         E       F
            +---------+---------+-------+---------+---------+-------
      Total |     620 |     675 |  52.1 |     114 |       6 |   5.0
            +---------+---------+-------+---------+---------+-------
        D:1 |      73 |       0 |   0.0 |      38 |       0 |   0.0
        D:2 |      50 |      37 |  42.5 |      14 |       1 |   6.7
        D:3 |     130 |       9 |   6.5 |      30 |       4 |  11.8
        D:4 |     117 |       0 |   0.0 |      15 |       0 |   0.0
        D:5 |      75 |     629 |  89.3 |       9 |       1 |  10.0
        D:6 |     167 |       0 |   0.0 |       7 |       0 |   0.0
    Abyss:1 |       8 |       0 |   0.0 |       1 |       0 |   0.0
            +---------+---------+-------+---------+---------+-------
